 Dungeon Crawl Stone Soup version 0.27.1-36-g1b1ada6b1e (webtiles) character file.

Game seed: 925029814869206889

1407 KleinerIrrer the Martial Artist (level 8, -9/52 HPs)
             Began as an Octopode Delver on Feb 5, 2023.
             Mangled by a five-headed hydra (14 damage)
             ... on level 6 of the Dungeon.
             The game lasted 00:08:49 (2634 turns).

KleinerIrrer the Martial Artist (Octopode Delver)   Turns: 2634, Time: 00:08:50

Health: -9/52      AC:  1    Str: 13    XL:     8   Next: 70%
Magic:  8/8        EV: 13    Int: 13    God:
Gold:   72         SH:  0    Dex: 13    Spells: 7/7 levels left

rFire    . . .     SeeInvis .     - Unarmed
rCold    . . .     Faith    .   (no shield)
rNeg     . . .     Spirit   .   (helmet restricted)
rPois    .         Reflect  .   (no amulet)
rElec    .         Harm     .   (no ring)
rCorr    .         Rampage  .   (no ring)
Will     .....                  (no ring)
Stlth    ++++......             (no ring)
HPRegen  0.17/turn              (no ring)
MPRegen  0.11/turn              (no ring)
                                (no ring)
                                (no ring)

@: no status effects
A: almost no armour, amphibious, 8 rings, camouflage 1, gelatinous body 1,
(nimble swimmer 1), tentacles
a: no special abilities


You were on level 6 of the Dungeon.
You visited 1 branch of the dungeon, and saw 3 of its levels.

You collected 72 gold pieces.

Inventory:

Missiles
 h - 18 poisoned darts (quivered)
Wands
 e - a wand of digging (3)
 k - a wand of iceblast (5)
Scrolls
 a - a scroll of fog
 b - a scroll of magic mapping
 c - a scroll of fear
 g - a scroll of noise
 l - a scroll of enchant weapon {unknown}
 m - a scroll of identify
 o - a scroll of teleportation {unknown}
 q - a scroll of silence {unknown}
Potions
 d - a potion of haste
 i - a potion of brilliance
 j - 2 potions of heal wounds {unknown}
 n - a potion of resistance {unknown}
 p - a potion of degeneration {unknown}


   Skills:
 - Level 3.0 Fighting
 - Level 1.1 Throwing
 - Level 2.0 Dodging
 - Level 6.6 Stealth
 + Level 10.4 Unarmed Combat


You had 7 spell levels left.
You didn't know any spells.
Your spell library contained the following spells:

 Spells                   Type           Power      Damage    Failure   Level
 Sting                    Tmut/Pois      0%         1d3       30%         1
 Poisonous Vapours        Pois/Air       0%         N/A       43%         2
 Gell's Gravitas          Tloc           0%         N/A       67%         3
 Teleport Other           Tloc           0%         N/A       67%         3
 Tukima's Dance           Hex            0%         N/A       67%         3
 Olgreb's Toxic Radiance  Pois           0%         N/A       97%         4
 Passage of Golubria      Tloc           N/A        N/A       97%         4
 Yara's Violent Unravell  Hex/Tmut       0%         3d3       100%        5
 Dispersal                Tloc           0%         N/A       100%        6


Dungeon Overview and Level Annotations

Branches:
Dungeon (6/15)
 Temple: D:4-7

Altars:
Uskayaw
Zin

Annotations:
D:5 2 runed translucent doors, Crazy Yiuf; Delamore's ghost, novice OpBr


Innate Abilities, Weirdness & Mutations

You cannot wear most types of armour.
You are amphibious.
You can wear up to eight rings at the same time.
Your skin changes colour to match your surroundings (Stealth+).
Your rubbery body absorbs attacks. (AC +1, EV +1)
((You are camouflaged near water. (Stealth+)))
You have tentacles for arms and can constrict up to eight enemies at once.


Message History

Aim: a five-headed hydra (lightly wounded)
The mass of ice explodes!
The iceblast engulfs the five-headed hydra!
The five-headed hydra is moderately wounded.
The iceblast engulfs the sky beast!
The sky beast is almost dead.
You hear a shout!
Aiming: Corrosive Bolt
Press: ? - help, Shift-Dir - straight line, f/p - five-headed hydra
Aim: a five-headed hydra (moderately wounded, 90% to hit)
The bolt of acid hits the five-headed hydra!
The five-headed hydra is splashed with acid.
The acid corrodes the five-headed hydra!
The five-headed hydra is heavily wounded.
The bolt of acid hits the sky beast!
The sky beast is splashed with acid.
The acid corrodes the sky beast!
You kill the sky beast!
The now-empty wand crumbles to dust.
You hear a bark!
Aiming: Iceblast
Press: ? - help, Shift-Dir - straight line, f/p - five-headed hydra
Aim: a five-headed hydra (heavily wounded, covered in acid)
The mass of ice explodes!
The iceblast engulfs the five-headed hydra!
The five-headed hydra is severely wounded.
A hound comes into view.
You tentacle-slap the five-headed hydra.
You squeeze the five-headed hydra!
The five-headed hydra is almost dead.
The five-headed hydra misses you. The five-headed hydra bites you! x2
The five-headed hydra bites you.
The five-headed hydra completely misses you.
You tentacle-slap the five-headed hydra.
You squeeze the five-headed hydra!
The five-headed hydra is almost dead.
The five-headed hydra bites you!
* * * LOW HITPOINT WARNING * * *
The five-headed hydra barely misses you.
The five-headed hydra bites you!
You die...

# #.#(....#..... (..
..###.#####.## ##.# #...
....##...##.h.
#.####...#.....#o##
#.####......#.....#
###.....>..#.....#..>##
#..........##†..##.#..##
#
#..........###D###.#.....
## #......#
#...@........##.
.###.....# ##......#...#
........## #.........##
#..###.## ##.#.......###.
..## ##.##
#.............. .##
##.####...#....####. ..
#..#...#####.## ..
#.....# ##.# . #.##..##
#..#


You could see a five-headed hydra (corroded), a hound and an orc wizard.

Vanquished Creatures
  Grinder (D:4)
  Edmund (D:5)
  An ice beast (D:6)
  2 black bears (D:5)
  A sky beast (D:6)
  An ogre (D:6)
  A necrophage (D:5)
  A bullfrog (D:6)
  Blork the orc (D:5)
  A scorpion (D:5)
  A centaur zombie (D:5)
  3 hounds
  A bullfrog zombie (D:5)
  2 orc priests
  3 iguanas
  A hound zombie (D:5)
  A howler monkey skeleton (D:4)
  3 adders
  A worm (D:4)
  6 orcs
  A ball python (D:4)
  A goblin (D:4)
  A hobgoblin (D:4)
  3 jackals (D:4)
  A quokka (D:4)
  2 kobolds (D:4)
42 creatures vanquished.

Vanquished Creatures (others)
  A fungus (D:5)
1 creature vanquished.

Grand Total: 43 creatures vanquished

Notes
Turn   | Place    | Note
-------+----------+-------------------------------------------
     0 | D:5      | KleinerIrrer the Octopode Delver began the quest for the
                  | Orb.
     0 | D:5      | Reached XP level 1. HP: 16/16 MP: 1/1
    39 | D:5      | Noticed a black bear
    44 | D:5      | Killed a black bear
    45 | D:5      | Reached skill level 4 in Unarmed Combat
    45 | D:5      | Reached XP level 2. HP: 21/21 MP: 2/2
    45 | D:5      | Reached XP level 3. HP: 26/26 MP: 3/3
    45 | D:5      | Reached XP level 4. HP: 31/31 MP: 4/4
    61 | D:5      | Reached skill level 5 in Unarmed Combat
    61 | D:5      | Reached XP level 5. HP: 33/36 MP: 5/5
   115 | D:5      | Noticed a necrophage
   356 | D:5      | Killed a necrophage
   357 | D:5      | Reached skill level 6 in Unarmed Combat
   357 | D:5      | Reached XP level 6. HP: 42/42 MP: 6/6
   427 | D:5      | Noticed a black bear
   440 | D:5      | Killed a black bear
   657 | D:5      | Noticed Edmund
   662 | D:5      | Noticed Blork the orc
   680 | D:5      | Killed Edmund
   681 | D:5      | Reached skill level 7 in Unarmed Combat
   681 | D:5      | Reached XP level 7. HP: 39/46 MP: 7/7
   818 | D:5      | Killed Blork the orc
   819 | D:5      | Reached skill level 1 in Throwing
   819 | D:5      | Reached skill level 8 in Unarmed Combat
  1181 | D:5      | Found a runed translucent door.
  1189 | D:5      | Noticed Delamore's ghost (novice OpBr)
  1211 | D:5      | Found a runed translucent door.
  1212 | D:5      | Noticed Crazy Yiuf
  1387 | D:4      | Found a glowing silver altar of Zin.
  1416 | D:4      | Noticed Grinder
  1428 | D:4      | Killed Grinder
  1429 | D:4      | Reached skill level 9 in Unarmed Combat
  1429 | D:4      | Reached XP level 8. HP: 52/52 MP: 8/8
  1601 | D:4      | Noticed a +0 short sword
  1606 | D:4      | Noticed a +0 dagger
  1606 | D:4      | Noticed a +0 dagger
  1606 | D:4      | Noticed a +0 short sword
  1610 | D:4      | Noticed a +0 spear
  1613 | D:4      | Noticed a +0 falchion
  1613 | D:4      | Noticed a +0 spear
  1613 | D:4      | Noticed a +0 falchion
  1617 | D:4      | Found a hide-covered altar of Uskayaw.
  2201 | D:6      | Reached skill level 10 in Unarmed Combat
  2368 | D:6      | Noticed a five-headed hydra
  2634 | D:6      | Mangled by a five-headed hydra

Illustrated notes

Levels and vault maps discovered:
D:4:      layout_loops_cross, nicolae_overflow_hidden_temple,
          nicolae_uskayaw_en_pointe, eino_small_chamber_without_monster,
          uniq_grinder
D:5:      layout_rooms, ebering_ghost_sewer_d, chequers_mini_garden,
          uniq_blork_the_orc, uniq_edmund, uniq_crazy_yiuf_cottage
D:6:      layout_layer_cave, minmay_chambers_of_fives

Skill      XL: |  1  2  3  4  5  6  7  8 |
---------------+-------------------------+-----
Unarmed Combat | 4 5 6 7 9 10 | 10.4
Throwing       | 1 |  1.1
Fighting       | |  3.0
Dodging        | |  2.0
Stealth        | |  6.6

Action                   |  1- 3 |  4- 6 |  7- 9 || total
-------------------------+-------+-------+-------++-------
Melee: Unarmed           |       |    38 |    77 ||   115
       Constrict         |       |     9 |    17 ||    26
       Tentacles         |       |     8 |    20 ||    28
       Punch             |       |     1 |     6 ||     7
Throw: Dart              |       |     4 |    23 ||    27
Evoke: Wand              |     3 |     2 |    11 ||    16
  Use: Scroll            |       |       |     2 ||     2
 Stab: Sleeping          |       |     1 |     7 ||     8
Armor: Skin              |       |     2 |     4 ||     6
Dodge: Dodged            |       |    20 |    35 ||    55
